 Dungeon Crawl Stone Soup version 0.24-a0-537-g2d01d4ab0a (webtiles) character file.

Game seed: 12408560240557727989

1 Mithandil the Stinger (level 1, -1/15 HPs)
             Began as a Naga Venom Mage on Aug 16, 2019.
             Slain by an ooze (4 damage)
             ... on level 1 of the Dungeon.
             The game lasted 00:01:03 (43 turns).

Mithandil the Stinger (Naga Venom Mage)               Turns: 43, Time: 00:01:04

Health: -1/15      AC:  1    Str: 10    XL:     1   Next: 20%
Magic:  0/3        EV: 10    Int: 15    God:
Gold:   0          SH:  0    Dex: 11    Spells: 3/4 levels left

rFire    . . .     SeeInvis +   a - +0 dagger
rCold    . . .     Gourm    .   (no shield)
rNeg     . . .     Faith    .   b - +0 robe
rPois    +         Spirit   .   (no helmet)
rElec    .         Reflect  .   (no cloak)
rCorr    .         Harm     .   (no gloves)
MR       .....                  (no barding)
Stlth    ++........             (no amulet)
HPRegen  0.05/turn              (no ring)
MPRegen  0.08/turn              (no ring)

@: short of breath, very slow
A: large, see invisible, deformed body, poison resistance, slowness 2, slow
metabolism 1, spit poison 1, AC +0
a: Spit Poison


You were on level 1 of the Dungeon.
You were not hungry.

You visited 1 branch of the dungeon, and saw 1 of its levels.

Inventory:

Hand Weapons
 a - a +0 dagger (weapon)
Armour
 b - a +0 robe (worn)
Comestibles
 c - 2 rations


   Skills:
 + Level 1.5 Dodging
 + Level 3.0 Stealth
 * Level 2.0 Spellcasting
 * Level 1.0 Conjurations
 * Level 4.0 Poison Magic


You had 3 spell levels left.
You knew the following spells:

 Your Spells              Type           Power        Failure   Level  Hunger
a - Sting                 Conj/Pois      #...         8%          1    #......

Your spell library contained the following spells:

 Spells                   Type           Power        Failure   Level  Hunger
 Poisonous Vapours        Pois/Air       #.....       14%         2    ###....
 Mephitic Cloud           Conj/Pois/Air  #.......     32%         3    ###....
 Olgreb's Toxic Radiance  Pois           ##......     38%         4    #####..
 Venom Bolt               Conj/Pois      #.........   91%         5    ######.


Dungeon Overview and Level Annotations

Branches:
Dungeon (1/15)

Altars:


Innate Abilities, Weirdness & Mutations

You cannot wear boots.
Your serpentine skin is tough. (AC +0)
You have supernaturally acute eyesight. (SInv)
Armour fits poorly on your strangely shaped body.
Your system is resistant to poisons. (rPois)
You cover ground very slowly.
You have a slow metabolism.
You can spit poison.


Message History

The ooze is almost dead.
The ooze hits you.
* * * LOW HITPOINT WARNING * * *
Press: ? - help, Shift-Dir - straight line, f/p - ooze
Aim: an ooze (almost dead)
The splash of poison hits the ooze.
The ooze completely resists.
The ooze is almost dead.
You feel slightly more hungry. The ooze hits you but does no damage.
You barely miss the ooze.
The ooze is almost dead.
The ooze closely misses you.
Casting: Sting (safe; 8% risk of failure)
Confirm with . or Enter, or press ? or * to list all spells.
Aiming: Sting (safe; 8% risk of failure)
Press: ? - help, Shift-Dir - straight line, f/p - ooze
Aim: an ooze (almost dead)
The sting hits the ooze.
The ooze completely resists.
The ooze is almost dead.
The ooze hits you.
You die...

.#### ...... ...!.
......
.....####....?
...$.........
...........####
...............
...................
#..@...........
#..J...........
#.............. ##
#..............
....#..............
....................
..................#
........#.....##..#
.......######.##..#


You could see an ooze.

Vanquished Creatures
  A kobold (D:1)
1 creature vanquished.

Notes
Turn   | Place    | Note
-------+----------+-------------------------------------------
     0 | D:1      | Mithandil the Naga Venom Mage began the quest for the Orb.
     0 | D:1      | Reached XP level 1. HP: 15/15 MP: 3/3
    43 | D:1      | Slain by an ooze

Levels and vault maps discovered:
D:1:      scummos_arrival_simple_crosswalls, layout_basic

Action                   || total
-------------------------++-------
Melee: Dagger            ||     8
 Cast: Sting             ||     5
 Abil: Spit Poison       ||     2
Armor: Robe              ||     1
Dodge: Dodged            ||     4

Table legend:
 A = Non-vault XP
 B = Vault XP
 C = Vault XP percentage of total XP
 D = Non-vault monster count
 E = Vault monster count
 F = Vault count percentage of total count
                 A         B        C        D         E       F
            +---------+---------+-------+---------+---------+-------
      Total |       2 |       0 |   0.0 |       1 |       0 |   0.0
            +---------+---------+-------+---------+---------+-------
        D:1 |       2 |       0 |   0.0 |       1 |       0 |   0.0
            +---------+---------+-------+---------+---------+-------
